 Dungeon Crawl Stone Soup version 0.30-b1-2-g02819fbbbe (webtiles) character file.

Game seed: 9790979001113728538

138 Fartwhistle the Changer (level 5, -3/33 HPs)
             Began as an Octopode Transmuter on May 25, 2023.
             Was an Initiate of Cheibriados.
             Slain by an orc
             ... wielding a +0 club
              (6 damage)
             ... on level 3 of the Dungeon.
             The game lasted 00:04:23 (1793 turns).

Fartwhistle the Changer (Octopode Transmuter)       Turns: 1793, Time: 00:04:24

Health: -3/33      AC:  1    Str: 11    XL:     5   Next: 21%
Magic:  9/9        EV: 13    Int: 18    God:    Cheibriados [......]
Gold:   35         SH:  0    Dex: 13    Spells: 6/10 levels left

rFire   . .          .
                       - Unarmed
rCold   . . .        (no shield)
rNeg    . . .        (helmet restricted)
rPois   .            (no amulet)
rElec   .            c - ring of resist corrosion
rCorr   +            (no ring)
SInv    .            (no ring)
Will    .....        (no ring)
Stlth   ++           (no ring)
HPRegen 0.25/turn    (no ring)
MPRegen 0.11/turn    (no ring)
                     (no ring)

%: no passive effects
@: very slow
A: almost no armour, amphibious, 8 rings, camouflage 1, gelatinous body 1,
(nimble swimmer 1), tentacles
a: Renounce Religion


You were on level 3 of the Dungeon.
You worshipped Cheibriados.
Cheibriados was noncommittal.
You visited 1 branch of the dungeon, and saw 3 of its levels.

You collected 161 gold pieces.
You spent 126 gold pieces at shops.

Inventory:

Jewellery
 c - a ring of resist corrosion (left tentacle)
Scrolls
 b - a scroll of identify {unknown}
 i - a scroll of silence {unknown}
 l - 2 scrolls of teleportation
 n - a scroll of blinking
Potions
 a - a potion of lignification
 d - a potion of flight {unknown}
 e - 2 potions of curing {unknown}
 f - a potion of might {unknown}
 g - a potion of attraction {unknown}
 h - 4 potions of heal wounds {unknown}
 j - a potion of cancellation {unknown}
 k - a potion of haste {unknown}
 m - a potion of magic {unknown}


   Skills:
 + Level 1.2 Fighting
 - Level 2.1 Dodging
 - Level 3.1 Unarmed Combat
 - Level 3.2 Spellcasting
 + Level 3.4 Transmutations
 + Level 2.3 Poison Magic


You had 6 spell levels left.
You knew the following spells:

 Your Spells              Type           Power      Damage    Failure   Level
a - Beastly Appendage     Tmut           30%        N/A       3%          1
b - Spider Form           Tmut/Pois      13%        N/A       14%         3

Your spell library contained the following spells:

 Spells                   Type           Power      Damage    Failure   Level
 Wereblood                Tmut           15%        N/A       6%          2
 Portal Projectile        Hex/Tloc       4%         N/A       43%         3
 Tukima's Dance           Hex            2%         N/A       43%         3
 Ice Form                 Ice/Tmut       9%         N/A       61%         4
 Blade Hands              Tmut           7%         N/A       71%         5


Dungeon Overview and Level Annotations

Branches:
Dungeon (3/15)

Altars:
Cheibriados

Shops:
D:3 *

Annotations:
D:2 1 runed translucent door, Crazy Yiuf


Innate Abilities, Weirdness & Mutations

You cannot wear most types of armour.
You are amphibious.
You can wear up to eight rings at the same time.
Your skin changes colour to match your surroundings (Stealth+).
Your rubbery body absorbs attacks. (AC +1, EV +1)
((You are camouflaged when in or above water. (Stealth+)))
You have tentacles for arms and can constrict up to eight enemies at once.


Message History

The adder is severely wounded.
The quokka completely misses you. The adder misses you.
The quokka barely misses you.
You hit the adder but do no damage.
The adder looks as sick as possible!
The adder is heavily wounded.
You kill the adder!
Cheibriados thoroughly appreciates the change of pace.
The quokka misses you.
You hit the quokka but do no damage.
The quokka is poisoned.
The quokka misses you.
You closely miss the quokka. The quokka closely misses you.
You hit the quokka.
You kill the quokka!
Cheibriados thoroughly appreciates the change of pace.
No target in view!
Your transformation is almost over.
Your transformation has ended.
Found a dagger.
You see here a quokka corpse.
You now have 35 gold pieces (gained 18).
h - 4 yellow potions (gained 1)
An orc comes into view. It is wielding a +0 club.
The orc shouts!
An orc wizard comes into view. It is wielding a +0 dagger.
An orc comes into view. It is wielding a +0 flail.
An orc priest comes into view. It is wielding a +0 flail.
An orc comes into view. It is wielding a +0 trident.
The orc shouts! x2; The orc wizard shouts!
The orc barely misses you. The orc attacks as you move away!
The orc closely misses you. The orc completely misses you.
The orc attacks as you move away! The orc barely misses you.
The orc hits you with a +0 flail! The orc closely misses you.
The orc attacks as you move away! The orc hits you with a +0 club.
You open the door. The orc hits you with a +0 flail.
The orc attacks as you move away! The orc hits you with a +0 flail!
* * * LOW HITPOINT WARNING * * *
The orc hits you with a +0 club.
You die...

#......# #######
#.....o# #.....#
#......# #.###.#
#.....o# #.#<..#
#......# #.#####
#.....o# #......
#....o.#
###########.#
..#####....o.#
#.........#..
...)....###@##
#......###...
.######.†##.#
#......# #... ##....#
#......###...
###..####............
##....#............
#..#.#..........._
#....#............
#....######'......
#.....### #.###...


You could see an orc priest, an orc wizard and 3 orcs.

Vanquished Creatures
  A mummy (D:3)
  7 adders
  2 worms (D:2)
  2 dart slugs (D:2)
  A ball python (D:2)
  4 endoplasms
  A giant cockroach (D:1)
  4 goblins
  2 hobgoblins
  11 jackals
  2 quokkas
  5 bats
  3 frilled lizards (D:1)
  5 kobolds
  3 rats
  A spectral hobgoblin (D:1)
54 creatures vanquished.

Notes
Turn   | Place    | Note
-------+----------+-------------------------------------------
     0 | D:1      | Fartwhistle the Octopode Transmuter began the quest for the
                  | Orb.
     0 | D:1      | Reached XP level 1. HP: 13/13 MP: 3/3
    91 | D:1      | Found a faded altar of an unknown god.
   185 | D:1      | Reached XP level 2. HP: 14/18 MP: 3/5
   462 | D:1      | Reached XP level 3. HP: 21/23 MP: 3/6
   471 | D:1      | Learned a level 3 spell: Spider Form
   723 | D:2      | Reached skill level 1 in Poison Magic
   723 | D:2      | Reached XP level 4. HP: 27/28 MP: 4/8
  1388 | D:2      | Found a runed translucent door.
  1389 | D:2      | Noticed Crazy Yiuf
  1623 | D:3      | Found a snail-covered altar of Cheibriados.
  1643 | D:3      | Reached XP level 5. HP: 33/33 MP: 6/9
  1651 | D:3      | Became a worshipper of Cheibriados the Contemplative
  1719 | D:3      | Found Zocs's General Store.
  1726 | D:3      | Bought a scroll of blinking for 90 gold pieces
  1726 | D:3      | Bought a scroll of teleportation for 36 gold pieces
  1793 | D:3      | Slain by an orc

Illustrated notes

Levels and vault maps discovered:
D:1:      mrwooster_arrival_statue_3, layout_rooms,
          dreamdust_ecumenical_altar_drowned_temple,
          chequers_serial_rivers_micro_c, item_on_display_b
D:2:      layout_basic, chequers_serial_rivers_large_b, nicolae_half_adder,
          uniq_crazy_yiuf_cottage
D:3:      gammafunk_wand_slinger, layout_basic, slow_altar_1, serial_shops,
          shop, gammafunk_ghost_split, uniq_robin, uniq_ijyb

Skill      XL: |  1  2  3  4 |
---------------+-------------+-----
Transmutations | 3 |  3.4
Poison Magic   | 1 2 |  2.3
Spellcasting   | 3 |  3.2
Fighting       | |  1.2
Dodging        | |  2.1
Unarmed Combat | |  3.1

Action                     |  1- 3 |  4- 6 || total
---------------------------+-------+-------++-------
  Melee: Unarmed           |    79 |    62 ||   141
         Tentacles         |    14 |     6 ||    20
         Constrict         |    18 |     7 ||    25
         Kick              |    14 |       ||    14
   Cast: Beastly Appendage |     9 |     2 ||    11
         Spider Form       |     1 |     5 ||     6
   Stab: Sleeping          |     4 |       ||     4
 Armour: Skin              |     6 |     3 ||     9
  Dodge: Dodged            |    62 |    61 ||   123
